 Dungeon Crawl Stone Soup version 0.28.0 (webtiles) character file.

Game seed: 16773478038298101156

2 ProzacElf the Magician (level 1, 4/15 HPs)
             Began as a Djinni Hedge Wizard on Feb 18, 2022.
             Quit the game on level 1 of the Dungeon.
             The game lasted 00:00:56 (88 turns).

ProzacElf the Magician (Djinni Hedge Wizard)          Turns: 88, Time: 00:00:57

Health: 4/15       AC:  2    Str:  9    XL:     1   Next: 33%
Gold:   22         EV: 12    Int: 15    God:
                   SH:  0    Dex: 12

rFire   + + .      SeeInvis .   a - +0 dagger
rCold   x . .      Faith    .   (no shield)
rNeg    . . .      Spirit   .   b - +0 robe
rPois   ∞          Reflect  .   c - +0 hat
rElec   .          Harm     .   (no cloak)
rCorr   .          Rampage  .   (no gloves)
Will    .....                   (boots unavailable)
Stlth   ++........              (no amulet)
HPRegen 0.05/turn               (no ring)
MPRegen 0.00/turn               (no ring)

@: flying
A: sickness immunity, fire resistance 2, cold vulnerability 1, float, innate
caster, HP casting, extra vitality 1
a: no special abilities


You were on level 1 of the Dungeon.
You visited 1 branch of the dungeon, and saw 1 of its levels.

You collected 22 gold pieces.

Inventory:

Hand Weapons
 a - a +0 dagger (weapon)
Armour
 b - a +0 robe (worn)
 c - a +0 hat (worn)
 d - a +0 ring mail
Scrolls
 e - a scroll of enchant armour {unknown}


   Skills:
 + Level 2.3 Dodging
 - Level 1.5 Stealth
 + Level 2.4 Spellcasting


You couldn't memorise any spells.
You knew the following spells:

 Your Spells              Type           Power      Damage    Failure   Level
a - Magic Dart            Conj           36%        1d4       8%          1
b - Call Imp              Summ           9%         N/A       12%         2
c - Slow                  Hex            36%        N/A       8%          1
d - Conjure Flame         Conj/Fire      9%         6-21      22%         3
e - Mephitic Cloud        Conj/Pois/Air  9%         N/A       22%         3
o - Blink                 Tloc           18%        N/A       12%         2
Your spell library was empty.

Dungeon Overview and Level Annotations

Branches:
Dungeon (1/15)

Altars:


Innate Abilities, Weirdness & Mutations

You are immune to sickness and miasma.
You are immune to poison.
Your flesh is very heat resistant. (rF++)
You are vulnerable to cold. (rC-)
You float through the air rather than walking.
You learn spells naturally, not from books.
Your magical power is your life essence.
You have superior vitality. (+4 MHP)


Message History

Ye kill tha bat!
Tha endoplasm barely misses ye.
Ye barely miss tha endoplasm.
Tha endoplasm freezes ye.
Ye be froz'n.
Ye take 1 damage, an' haf 12/15 hp.
Cast which spell? (? or * ta list) Aimin': Magic Dart (safe; 8% risk o' failure)
Press: ? - help, Shift-Dir - straight line, f - endoplasm
Aim: an endoplasm (100% ta hit) Tha magic dart hits tha endoplasm but does nay damage.
Tha endoplasm freezes ye.
Ye be froz'n.
Ye take 2 damage, an' haf 11/15 hp.
Castin': Magic Dart (safe; 8% risk o' failure) Confirm wit' . or Enter, or press ? or * ta list all spells.
Aimin': Magic Dart (safe; 8% risk o' failure)
Press: ? - help, Shift-Dir - straight line, f/p - endoplasm
Aim: an endoplasm (100% ta hit) Tha magic dart hits tha endoplasm.
Tha endoplasm be lightly wounded.
Tha endoplasm freezes ye.
Ye be froz'n!
Ye feel a terrible chill!
* * * LOW HITPOINT WARNIN'
* * * Ye take 8 damage, an' haf 3/15 hp.
MASSIVE DAMAGE!!
A jackal comes inta view.
Tha endoplasm jiggles.
Tha jackal moves outta view.
A quokka comes inta view.
Tha quokka moves outta view.
A rat comes inta view.
A jackal comes inta view.
Tha jackal barks!
Ye hear a bark!
Tha quokka barely misses ye.
Tha jackal barely misses ye.
Tha jackal closely misses ye.
Tha jackal barely misses ye.
A jackal comes inta view.
Tha quokka barely misses ye.
Ye ar'n't carryin' any potions.
Be ye sure ye want ta abandon 'tis character an' quit tha game? (Confirm wit' "aye".)

# ..... ### # ..r.
..... #... .... #
#.. #. #.########.#
#.## #..@rhJhr#.#
#...
######.#...#######.#
......K............
#######.#########.#
........h.....K...#
#######.#########..
########.# #..
.....K)..# #..
..######.# #..


You could see an endoplasm, a quokka, 2 jackals and a rat.

Vanquished Creatures
  A goblin (D:1)
  A bat (D:1)
2 creatures vanquished.

Notes
Turn   | Place    | Note
-------+----------+-------------------------------------------
     0 | D:1      | ProzacElf the Djinni Hedge Wizard began the quest for the
                  | Orb.
     0 | D:1      | Reached XP level 1. HP: 15/15 MP: 0/0
    88 | D:1      | Quit the game

Illustrated notes

Levels and vault maps discovered:
D:1:      elethiomel_arrival_infinity_welcomes_careful_drivers, layout_basic,
          hellmonk_ecumenical_altar_leap_of_faith

Action                   || total
-------------------------++-------
Melee: Dagger            ||    10
 Cast: Magic Dart        ||     2
Armor: Robe              ||     4
Dodge: Dodged            ||    14
